 Dungeon Crawl Stone Soup version 0.32-a0-876-gcfddb08e57 (webtiles) character file.

Game seed: 8952097243476155852

329 Fractals the Shooter (level 6, -2/38 HPs)
             Began as a Kobold Hunter on Apr 1, 2024.
             Killed by divine providence
             ... invoked by an orc priest
              (15 damage)
             ... on level 3 of the Dungeon.
             The game lasted 00:06:41 (2931 turns).

Fractals the Shooter (Kobold Hunter)                Turns: 2931, Time: 00:06:42

Health: -2/38      AC:  5    Str:  8    XL:     6   Next: 80%
Magic:  6/6        EV: 14    Int: 10    God:
Gold:   70         SH:  0    Dex: 21    Spells: 5/5 levels left

rFire   . . .        a - +0 shortbow
rCold   . . .        (shield currently unavailable)
rNeg    . . .        c - +0 leather armour
rPois   +            (no helmet)
rElec   .            g - +0 cloak
rCorr   .            l - +0 pair of gloves
SInv    .            (no boots)
Will    .....        (no amulet)
Stlth   ++++         m - ring of poison resistance
HPRegen 0.26/turn    (no ring)
MPRegen 0.10/turn

%: no passive effects
@: no status effects
A: small, no large weapons, nightstalker 3
a: Convert to Beogh


You were on level 3 of the Dungeon.
You visited 1 branch of the dungeon, and saw 3 of its levels.

You collected 133 gold pieces.
You spent 63 gold pieces at shops.

Inventory:

Hand Weapons
 a - a +0 shortbow (weapon)
 e - a +0 dagger
 i - the +0 rapier of Midsummer {freeze, Str+4 Dex-3 Stlth+}
   (You found it on level 3 of the Dungeon)

   Str+4:     It affects your strength (+4).
   Dex-3:     It affects your dexterity (-3).
   Stlth+:    It makes you more stealthy.
Armour
 c - a +0 leather armour (worn)
 g - a +0 cloak (worn)
 l - a +0 pair of gloves (worn)
Jewellery
 m - a ring of poison resistance (left hand)
Scrolls
 b - 2 scrolls of butterflies
 d - a scroll of identify {unknown}
 j - a scroll of teleportation {unknown}
 o - a scroll of immolation {unknown}
Potions
 f - 2 potions of lignification {unknown}
 h - 2 potions of haste {unknown}
 k - a potion of heal wounds {unknown}
 n - a potion of enlightenment {unknown}


   Skills:
 + Level 4.1 Fighting
 + Level 6.9 Ranged Weapons
 - Level 2.0 Armour
 - Level 3.0 Dodging
 - Level 4.5 Stealth


You had 5 spell levels left.
You didn't know any spells.
Your spell library contained the following spells:

 Spells                   Type           Power      Damage    Failure   Level
 Dazzling Flash           Conj/Hex       0%         N/A       85%         3
 Summon Forest            Summ/Tloc      0%         N/A       100%        5
 Eringya's Noxious Bog    Alch           0%         4d6       100%        6
 Starburst                Conj/Fire      0%         6d3       100%        6
 Summon Hydra             Summ           0%         N/A       100%        7
 Maxwell's Capacitive Co  Air            0%         ∞         100%        8


Dungeon Overview and Level Annotations

Branches:
Dungeon (3/15)

Altars:

Shops:
D:2 [

Annotations:
D:2 Natasha
D:3 Terence


Innate Abilities, Weirdness & Mutations

You are small and have problems with some larger weapons.
You are completely attuned to the shadows.


Message History

The orc priest shouts, "Surrender to Beogh and we'll let you live!"
The arrow hits the orc.
You kill the orc!
You shoot an arrow. The arrow hits the orc.
The orc is moderately wounded.
The orc hits you with a +0 dagger.
You shoot an arrow. The arrow barely misses the orc.
The arrow closely misses the orc priest.
The orc hits you with a +0 dagger. The orc completely misses you.
You shoot an arrow. The arrow closely misses the orc.
The arrow barely misses the orc priest.
The orc hits you with a +0 dagger.
You shoot an arrow. The arrow barely misses the orc.
The orc priest threatens, "Beogh's wrath is as vast as their mercy.
Make your choice!"
The arrow hits the orc priest.
The orc priest is moderately wounded.
The orc closely misses you.
You shoot an arrow. The arrow barely misses the orc.
The arrow hits the orc priest.
The orc priest shouts, "Beogh offers mercy even to people such as you.
Join us and be reborn!"
The orc priest is severely wounded.
The orc hits you but does no damage.
You shoot an arrow.
The orc priest threatens, "Beogh's wrath is as vast as their mercy.
Make your choice!"
The arrow hits the orc but does no damage.
The orc is moderately wounded.
The orc hits you with a +0 dagger.
You shoot an arrow.
The arrow hits the orc but does no damage.
The orc is moderately wounded.
The orc hits you but does no damage.
You shoot an arrow. The arrow barely misses the orc.
The arrow barely misses the orc priest.
The orc priest threatens, "Beogh's wrath is as vast as their mercy.
Make your choice!" The orc barely misses you.
You shoot an arrow. The arrow hits the orc.
The orc is heavily wounded.
The orc closely misses you.
The orc priest invokes the aid of Beogh against you.
Beogh smites you!
You die...

...#........ #
...#.............#
..#................#
..............)....#
..................#
....#..##........#
.##...####.#####o#
.....## #.# #o#
..#..# #.# #@# .
#..## #.### #.#
..#...## #.[.# #.#
.......# ###.# #.#
.......#####.###.##
#.................#
#.....##..........#
#.......†........#
.......<........#


You could see an orc priest and an orc.

Vanquished Creatures
  Sigmund (D:2)
  An orc wizard (D:3)
  3 gnolls (D:3)
  5 adders
  2 ribbon worms (D:2)
  A dart slug (D:1)
  4 orcs
  4 bats
  2 endoplasms (D:1)
  3 giant cockroaches
  4 goblins
  3 hobgoblins
  4 jackals (D:1)
  4 quokkas
  4 ball pythons
  3 frilled lizards
  3 kobolds
  3 rats
54 creatures vanquished.

Notes
Turn   | Place    | Note
-------+----------+-------------------------------------------
     0 | D:1      | Fractals the Kobold Hunter began the quest for the Orb.
     0 | D:1      | Reached XP level 1. HP: 12/12 MP: 1/1
   127 | D:1      | Reached XP level 2. HP: 16/18 MP: 2/2
   411 | D:1      | Reached XP level 3. HP: 22/22 MP: 3/3
  1385 | D:2      | Reached skill level 6 in Ranged Weapons
  1385 | D:2      | Reached XP level 4. HP: 28/28 MP: 4/4
  1389 | D:2      | Noticed Sigmund
  1519 | D:2      | Found Diluss's Armour Shoppe.
  1525 | D:2      | Bought a +0 pair of gloves for 63 gold pieces
  1648 | D:2      | Killed Sigmund
  1649 | D:2      | Reached XP level 5. HP: 6/33 MP: 5/5
  1649 | D:2      | Reached XP level 6. HP: 7/38 MP: 6/6
  1924 | D:2      | Noticed Natasha
  2544 | D:3      | Noticed Terence
  2611 | D:3      | Identified the +0 rapier of Midsummer {freeze, Str+4 Dex-3
                  | Stlth+}
  2931 | D:3      | Killed from afar by an orc priest

Illustrated notes

Levels and vault maps discovered:
D:1:      dpeg_arrival_court, layout_loops_ring, minmay_surrounded
D:2:      layout_basic, serial_shops, nicolae_shop_tiny_waterfront,
          uniq_sigmund, uniq_natasha
D:3:      layout_rooms, minmay_overflow_temple_star_quad,
          mainiacjoe_overflow_alcove_1, fedhas_altar_4, minmay_ruptured,
          uniq_terence, uniq_grinder

Skill      XL: |  1  2  3  4  5  6 |
---------------+-------------------+-----
Stealth        | 2 3 4 |  4.5
Fighting       | 3 4 |  4.1
Ranged Weapons | 6 |  6.9
Dodging        | 3 |  3.0
Armour         | 2 |  2.0

Action                     |  1- 3 |  4- 6 || total
---------------------------+-------+-------++-------
   Fire: Shortbow          |    62 |   138 ||   200
    Use: Scroll            |       |     1 ||     1
 Armour: Leather armour    |    22 |    64 ||    86
  Dodge: Dodged            |    40 |    88 ||   128

Table legend: (Time is in decaauts)
 A = Elapsed time spent in this place.
 B = Non-inter-level travel time spent in this place.
 C = Inter-level travel time spent in this place.
 D = Time resting spent in this place.
 E = Time spent auto-exploring this place.
 F = Levels seen in this place.
 G = Mean time per level.
                   A        B        C        D        E       F      G
               +--------+--------+--------+--------+--------+-----+--------+
         Total |   2963 |   2773 |    190 |    954 |   1168 |   3 |  987.7 |
       Dungeon |   2963 |   2773 |    190 |    954 |   1168 |   3 |  987.7 |
               +--------+--------+--------+--------+--------+-----+--------+

Top non-repeatable levels by time:
     D:2: 1686 daAuts
     D:1: 1017 daAuts
     D:3: 259 daAuts
